 Dungeon Crawl Stone Soup version 0.31-a0-662-g684573625c (webtiles) character file.

Game seed: 6445526660402744977

2876 sauken the Mimic (level 9, -3/71 HPs)
             Began as a Purple Draconian Shapeshifter on Sept 1, 2023.
             Killed from afar by a steam dragon (17 damage)
             ... with a ball of steam
             ... on level 7 of the Dungeon.
             The game lasted 00:22:29 (6908 turns).

sauken the Mimic (Purple Draconian Shapeshifter)    Turns: 6908, Time: 00:22:29

Health: -3/71      AC:  7    Str: 16    XL:     9   Next: 48%
Magic:  9/9        EV: 13    Int: 13    God:
Gold:   445        SH:  0    Dex: 13    Spells: 8/8 levels left

rFire   . .          .
                       - Unarmed
rCold   . . .        (no shield)
rNeg    . . .        (body armour unavailable)
rPois   .            (helmet currently unavailable)
rElec   .            (cloak currently unavailable)
rCorr   .            (gloves currently unavailable)
SInv    .            (boots currently unavailable)
Will    ++...        t - amulet of the acrobat
Stlth   +            q - ring of willpower
HPRegen 0.31/turn    (no ring)
MPRegen 0.11/turn

%: acrobat
@: short of breath, beast-form
A: beast (slay +4), breathe power, AC +7, unfitting armour, cold-blooded
a: Breathe Dispelling Energy, Begin Untransformation


You were on level 7 of the Dungeon.
You were a hulking beast.
You visited 1 branch of the dungeon, and saw 10 of its levels.

You collected 445 gold pieces.


Innate Abilities, Weirdness & Mutations

You are a hulking beast.
Your limbs bulge with bestial killing power. (Slay +4)
You can breathe bolts of dispelling energy.
Your rich purple scales are hard. (AC +7)
You cannot fit into any form of body armour.
You are cold-blooded and may be slowed by cold attacks.


   Skills:
 - Level 4.1 Fighting
 - Level 3.1 Dodging
 - Level 7.4 Unarmed Combat
 * Level 9.9 Shapeshifting


You had 8 spell levels left.
You didn't know any spells.
Your spell library contained the following spells:

 Spells                   Type           Power      Damage    Failure   Level
 Lesser Beckoning         Tloc           0%         N/A       43%         2
 Gell's Gravitas          Tloc           0%         N/A       67%         3
 Teleport Other           Tloc           0%         N/A       67%         3

Inventory:

Hand Weapons
 s - the +6 spear of Baleful Cruel Justice {pain, rF+, polearm}
   (You took it off a kobold on level 3 of the Dungeon)

   rF+:       It protects you from fire.
Missiles
 d - 56 stones (quivered) {throwing}
 k - 3 curare-tipped darts {=fthrowing}
 B - 3 datura-tipped darts {throwing}
Armour
 l - a +0 cloak of stealth
   (You found it on level 2 of the Dungeon)
Jewellery
 f - an amulet of regeneration {@e2}
   (You found it on level 1 of the Dungeon)
 g - a ring of flight
   (You found it on level 1 of the Dungeon)
 q - a ring of willpower (left hand)
   (You found it on level 9 of the Dungeon)
 t - an amulet of the acrobat (around neck)
   (You found it on level 4 of the Dungeon)
Talismans
 a - a maw talisman
   (You found it on level 4 of the Dungeon)
 b - a beast talisman (active)
 c - a flux talisman
 n - a granite talisman
   (You found it on level 2 of the Dungeon)
Wands
 u - a wand of polymorph (3)
   (You found it on level 4 of the Dungeon)
 x - a wand of charming (2)
   (You took it off an orc on level 4 of the Dungeon)
 C - a wand of roots (5)
   (You found it on level 7 of the Dungeon)
Scrolls
 e - a scroll of enchant armour
 h - 2 scrolls of teleportation {@r4}
 i - a scroll of immolation {!r!r}
 j - 2 scrolls of silence {!r}
 m - a scroll of enchant weapon
 r - 2 scrolls of vulnerability {!r!r}
 w - a scroll of brand weapon
 y - a scroll of identify {@r1}
 A - a scroll of fear
Potions
 o - a potion of cancellation
 p - 2 potions of resistance
 v - 2 potions of brilliance
 z - a potion of curing {@q1}

Dungeon Overview and Level Annotations

Branches:
Dungeon (10/15) Zot: 26714
 Temple: D:4-7         Lair: D:8-11         Orc: D:9-12

Altars:
Elyvilon
Uskayaw

.............
$...........
#...........
#...........
#...........
#...........
#...........
####'####### #h#
######§## #...§.D.#
#..§....####
#§§.....'..#######
#.......##..##...#
.........###..'...#
....######
####...## ....
#....##


You could see a steam dragon (catching breath).


Message History

No target in view!
You now have 445 gold pieces (gained 19).
A wyvern comes into view.
You punch the wyvern! You tail-slap the wyvern. The wyvern barely misses you.
You punch the wyvern!
You kill the wyvern!
No target in view!
C - a wand of roots (5)
z - 2 potions of curing {@q1} (gained 1) As you open the door, it creaks loudly!
There is an open door here.
You open the door.
There is an open door here.
You open the door.
There is an open door here.
You open the door.
A wyvern comes into view.
A howler monkey comes into view.
There is an open door here.
The howler monkey howls!
The wyvern hisses angrily.
There is an open door here.
There is an open door here.
You hit the wyvern. The wyvern bites you! 😕 HP[-17]
You take 17 damage, and now have 54/71 hp.
MASSIVE DAMAGE!! (PAUSE)
You punch the wyvern! The wyvern barely misses you.
The wyvern bites you. 😮 HP[-3]
You take 3 damage, and now have 51/71 hp.
Unknown command.
You punch the wyvern!
The howler monkey hoots and howls with incredible vigour!
The wyvern closely misses you. 😮 HP[+1]
You are too injured to fight recklessly!
You hit the wyvern.
A steam dragon comes into view.
The wyvern bites you! 😮 HP[-9]
You take 9 damage, and now have 43/71 hp.
You are too injured to fight recklessly!
You completely miss the wyvern.
The steam dragon hisses angrily.
The wyvern barely misses you. The wyvern bites you. 😮 HP[-2]
You take 2 damage, and now have 41/71 hp.
You are too injured to fight recklessly!
You hit the wyvern. The steam dragon breathes steam at you.
The ball of steam hits you. The wyvern misses you. 😮 HP[-4]
You take 4 damage, and now have 37/71 hp.
Unknown command.
You barely miss the wyvern. You tail-slap the wyvern.
You kill the wyvern!
You are engulfed in a cloud of scalding steam. 😮 HP[+1] Unknown command.
You punch the howler monkey!
You are engulfed in a cloud of scalding steam.
* * * LOW HITPOINT WARNING * * *
The howler monkey is engulfed in a cloud of scalding steam.
The howler monkey dies! 😨 HP[-10]
You take 10 damage, and now have 28/71 hp.
You are engulfed in a cloud of scalding steam.
Unknown command.
Aiming: Breathe Dispelling Energy (4% risk of failure)
Press: ? - help, Shift-Dir - straight line, f - steam dragon
Aim: a steam dragon (steam, 53% to hit)
You breathe a bolt of dispelling energy.
The bolt of dispelling energy hits the steam dragon!
The steam dragon breathes steam at you. The ball of steam hits you!
* * * LOW HITPOINT WARNING * * *
😱 HP[-12]
You take 12 damage, and now have 16/71 hp.
Unknown command.
You feel better.
You are engulfed in a cloud of scalding steam.
* * * LOW HITPOINT WARNING * * *
😨 HP[+2]
You regained 2 hp, and now have 18/71 hp.
Okay, then.
Aiming: Charm
Press: ? - help, Shift-Dir - straight line, f/p - steam dragon
Aim: a steam dragon (moderately wounded, chance to affect: 49%)
The steam dragon resists with some effort.
You are engulfed in a cloud of scalding steam.
* * * LOW HITPOINT WARNING * * *
😱 HP[-5]
You take 5 damage, and now have 13/71 hp.
Aiming: Charm
Press: ? - help, Shift-Dir - straight line, f/p - steam dragon
Aim: a steam dragon (moderately wounded, chance to affect: 49%)
The steam dragon resists with some effort.
You are engulfed in a cloud of scalding steam.
The steam dragon breathes steam at you. The ball of steam hits you!
You die...

Skill      XL: |  1  2  3  4  5  6  7  8  9 |
---------------+----------------------------+-----
Unarmed Combat | 4 5 6 7 |  7.4
Shapeshifting  | 4 5 6 8 9 |  9.9
Fighting       | 2 3 4 |  4.1
Dodging        | 3 |  3.1

Action                     |  1- 3 |  4- 6 |  7- 9 || total
---------------------------+-------+-------+-------++-------
  Melee: Unarmed           |   106 |   179 |   228 ||   513
         Tailslap          |    16 |    19 |    36 ||    71
         Punch             |     1 |     8 |     5 ||    14
  Throw: Stone             |     4 |     6 |    29 ||    39
Ability: Breathe Dispellin |       |       |     4 ||     4
  Evoke: Wand              |       |       |    14 ||    14
    Use: Scroll            |       |     8 |     6 ||    14
         Potion            |       |     4 |     2 ||     6
   Stab: Sleeping          |       |     1 |     2 ||     3
 Armour: Skin              |    54 |   124 |   140 ||   318
  Dodge: Dodged            |    74 |    70 |   162 ||   306
         Form:             |     1 |       |       ||     1
         Beast             |     1 |       |       ||     1

Levels and vault maps discovered:
D:1:      minmay_arrival_shattered_statue, layout_basic,
          hellmonk_ecumenical_altar_run_dry
D:2:      layout_basic, minmay_pentomino_t2
D:3:      layout_loops_ring, hangedman_abyss_or_decor_lesser_grid, uniq_robin
D:4:      layout_basic
D:5:      layout_loops_ring
D:6:      layout_basic, grunt_temple_overflow_open
D:7:      layout_basic, minmay_temple_entry_butterflies
D:8:      layout_loops_corners, david_lair_shrubbed, serial_shops,
          nicolae_shop_hallway_plus, minmay_fractal_squares_diagonal_5
D:9:      layout_irregular_city, serial_column_ruins, column_ruins_open_medium,
          column_ruins_open_tiny, column_ruins_open_small,
          column_ruins_open_small, column_ruins_grid_3, uniq_erolcha
D:10:     layout_cave_pods

Notes
Turn   | Place    | Note
-------+----------+-------------------------------------------
     0 | D:1      | sauken the Draconian Shapeshifter began the quest for the
                  | Orb.
     0 | D:1      | Reached XP level 1. HP: 16/16 MP: 1/1
     0 | D:1      | magus.rc [v1.9.6]
   115 | D:1      | Found a faded altar of an unknown god.
   199 | D:1      | Reached XP level 2. HP: 20/23 MP: 2/2
   445 | D:1      | You pick up a book of Displacement and begin reading...
   445 | D:1      | You add the spells Lesser Beckoning, Gell's Gravitas and
                  | Teleport Other to your library.
   525 | D:1      | Reached XP level 3. HP: 28/28 MP: 3/3
   983 | D:2      | Reached skill level 4 in Unarmed Combat
  1003 | D:2      | Reached XP level 4. HP: 35/35 MP: 4/4
  1031 | D:2      | Reached skill level 4 in Shapeshifting
  1778 | D:3      | Identified the +6 spear of Baleful Cruel Justice {pain,
                  | rF+}
  1994 | D:3      | Noticed Robin
  2285 | D:3      | Killed Robin
  2320 | D:3      | Reached XP level 5. HP: 39/40 MP: 5/5
  3190 | D:4      | Reached skill level 5 in Unarmed Combat
  3397 | D:4      | Reached XP level 6. HP: 47/47 MP: 6/6
  3472 | D:4      | Noticed a sky beast
  3503 | D:4      | Killed a sky beast
  3504 | D:4      | Reached skill level 5 in Shapeshifting
  3856 | D:5      | Entered Level 5 of the Dungeon
  3891 | D:5      | HP: 11/47 [something/puff of flame (13)]
  3976 | D:5      | Reached skill level 2 in Fighting
  3976 | D:5      | Your scales start taking on a rich purple colour.
  3976 | D:5      | Reached XP level 7. HP: 37/55 MP: 7/7
  4121 | D:5      | Reached skill level 6 in Unarmed Combat
  4121 | D:5      | Reached skill level 6 in Shapeshifting
  4307 | D:5      | Reached skill level 3 in Fighting
  4581 | D:5      | Reached XP level 8. HP: 41/66 MP: 8/8
  5039 | D:6      | Reached skill level 7 in Shapeshifting
  5163 | D:6      | Reached skill level 4 in Fighting
  5163 | D:6      | Reached skill level 2 in Dodging
  5266 | D:6      | Found a white marble altar of Elyvilon.
  5391 | D:6      | HP: 15/66 [gnoll sergeant/+0 antimagic spear (11)]
  5399 | D:6      | Reached skill level 7 in Unarmed Combat
  5535 | D:6      | Found a hide-covered altar of Uskayaw.
  5763 | D:6      | Reached skill level 3 in Dodging
  5763 | D:6      | Reached skill level 8 in Shapeshifting
  6142 | D:7      | Reached XP level 9. HP: 67/71 MP: 9/9
  6350 | D:7      | You fall into a shaft and drop 3 floors!
  6350 | D:10     | Entered Level 10 of the Dungeon
  6471 | D:10     | Reached skill level 9 in Shapeshifting
  6810 | D:8      | Identified the +1 leather armour of the Chimera {+Blink
                  | rElec rCorr}
  6905 | D:7      | HP: 16/71 [something/ball of steam (13)]
  6908 | D:7      | Killed from afar by a steam dragon

Vanquished Creatures
  2 wyverns (D:7)
  A steam dragon (D:6)
  An ice beast (D:6)
  2 sky beasts
  A water moccasin (D:6)
  3 black bears
  A centaur (D:7)
  5 bullfrogs
  A gnoll sergeant (D:10)
  A scorpion (D:5)
  3 wights (D:5)
  A ballistomycete (D:5)
  3 killer bees (D:9)
  3 howler monkeys (D:7)
  A jelly (D:5)
  3 hounds (D:4)
  A gnoll bouda (D:6)
  4 orc priests
  A sleepcap (D:6)
  3 iguanas (D:5)
  2 orc wizards (D:5)
  Robin (D:3)
  12 gnolls
  10 adders
  A white imp (D:7)
  An ufetubus (D:7)
  3 worms
  3 dart slugs
  16 orcs
  10 bats
  6 endoplasms
  2 giant cockroaches
  12 goblins
  8 hobgoblins
  7 jackals (D:1)
  4 quokkas
  10 ball pythons
  4 frilled lizards
  4 kobolds
  7 rats
  A ballistomycete spore (D:5)
165 creatures vanquished.

Vanquished Creatures (collateral kills)
  A killer bee (D:9)
1 creature vanquished.

Vanquished Creatures (others)
  3 killer bees (D:9)
  A howler monkey (D:7)
  2 ballistomycete spores (D:5)
6 creatures vanquished.

Grand Total: 172 creatures vanquished

Table legend:
 A = Non-vault XP
 B = Vault XP
 C = Vault XP percentage of total XP
 D = Non-vault monster count
 E = Vault monster count
 F = Vault count percentage of total count
                 A         B        C        D         E       F
            +---------+---------+-------+---------+---------+-------
      Total |    4072 |      37 |   0.9 |     153 |      13 |   7.8
            +---------+---------+-------+---------+---------+-------
        D:1 |      59 |       0 |   0.0 |      36 |       0 |   0.0
        D:2 |      76 |       3 |   3.8 |      18 |       2 |  10.0
        D:3 |      32 |      34 |  51.5 |      12 |      11 |  47.8
        D:4 |     356 |       0 |   0.0 |      17 |       0 |   0.0
        D:5 |    1015 |       0 |   0.0 |      27 |       0 |   0.0
        D:6 |    1007 |       0 |   0.0 |      21 |       0 |   0.0
        D:7 |    1152 |       0 |   0.0 |      14 |       0 |   0.0
        D:9 |     246 |       0 |   0.0 |       4 |       0 |   0.0
       D:10 |     129 |       0 |   0.0 |       4 |       0 |   0.0
            +---------+---------+-------+---------+---------+-------

Skill      XL: |  1  2  3  4  5  6  7  8  9 |
---------------+----------------------------+-----
Unarmed Combat | 4 5 6 7 |  7.4
Shapeshifting  | 4 5 6 8 9 |  9.9
Fighting       | 2 3 4 |  4.1
Dodging        | 3 |  3.1

Action                     |  1- 3 |  4- 6 |  7- 9 || total
---------------------------+-------+-------+-------++-------
  Melee: Unarmed           |   106 |   179 |   228 ||   513
         Tailslap          |    16 |    19 |    36 ||    71
         Punch             |     1 |     8 |     5 ||    14
  Throw: Stone             |     4 |     6 |    29 ||    39
Ability: Breathe Dispellin |       |       |     4 ||     4
  Evoke: Wand              |       |       |    14 ||    14
    Use: Scroll            |       |     8 |     6 ||    14
         Potion            |       |     4 |     2 ||     6
   Stab: Sleeping          |       |     1 |     2 ||     3
 Armour: Skin              |    54 |   124 |   140 ||   318
  Dodge: Dodged            |    74 |    70 |   162 ||   306
         Form:             |     1 |       |       ||     1
         Beast             |     1 |       |       ||     1

Illustrated notes

Table legend:
 A = Kills in this place as a percentage of kills in the entire game.
 B = Kills by you in this place as a percentage of kills by you in the entire game.
 C = Kills by friends in this place as a percentage of kills by friends in the entire game.
 D = Other kills in this place as a percentage of other kills in the entire game.
 E = Experience gained in this place as a percentage of experience gained in the entire game.
 F = Experience gained in this place divided by the number of levels of this place that you have seen.
                   A       B       C       D       E      F
               +-------+-------+-------+-------+-------+----------------------
         Total | 100.0 | 100.0 | 100.0 | 100.0 | 100.0 | 410.9
       Dungeon | 100.0 | 100.0 | 100.0 | 100.0 | 100.0 | 410.9
               +-------+-------+-------+-------+-------+----------------------

Table legend: (Time is in decaauts)
 A = Elapsed time spent in this place.
 B = Non-inter-level travel time spent in this place.
 C = Inter-level travel time spent in this place.
 D = Time resting spent in this place.
 E = Time spent auto-exploring this place.
 F = Levels seen in this place.
 G = Mean time per level.
                   A        B        C        D        E       F      G
               +--------+--------+--------+--------+--------+-----+--------+
         Total |   6868 |   6684 |    184 |   1010 |   4079 |  10 |  686.8 |
       Dungeon |   6868 |   6684 |    184 |   1010 |   4079 |  10 |  686.8 |
               +--------+--------+--------+--------+--------+-----+--------+

Top non-repeatable levels by time:
     D:3: 1533 daAuts
     D:5: 1135 daAuts
     D:6: 1119 daAuts
     D:1: 852 daAuts
     D:4: 844 daAuts
     D:2: 608 daAuts
     D:7: 305 daAuts
     D:9: 233 daAuts
    D:10: 214 daAuts
     D:8: 21 daAuts
